 Dungeon Crawl Stone Soup version 0.20-a0-903-g7e3609c (webtiles) character file.

5532 qpzil the Basher (level 10, 0/95 HPs)
             Began as a Minotaur Berserker on Mar 20, 2017.
             Was a High Priest of Trog.
             Killed from afar by Akrius's ghost (9 damage)
             ... with a magic dart
             ... on level 8 of the Dungeon.
             The game lasted 00:22:27 (5868 turns).

qpzil the Basher (Minotaur Berserker)               Turns: 5868, Time: 00:22:30

Health: 0/95       AC: 15    Str: 25    XL:     10   Next: 43%
Magic:  9/9        EV: 10    Int:  7    God:    Trog [*****.]
Gold:   362        SH:  0    Dex: 18    Spells: 9/9 levels left

rFire    . . .     SeeInvis .   n - +0 flail (crush)
rCold    . . .     Gourm    .   s - +1 chain mail of Intercession {rPois Str+2 Dex+3}
rNeg     . . .     Faith    .   (no shield)
rPois    +         Spirit   .   (helmet restricted)
rElec    .         Reflect  .   d - +1 cloak
rCorr    .         Harm     .   q - +0 pair of gloves
MR       +++..                  (no boots)
Stlth    ..........             (no amulet)
Regen    1.1/turn               w - ring of the Mage {Wiz MR++ Int+3}
MPRegen  0.2/turn               k - +5 ring of dexterity

@: exhausted, very slightly contaminated, slowed, invisible, very slow
A: retaliatory headbutt, horns 2, magic resistance 1, regeneration 2, weak 1
a: Berserk, Trog's Hand, Brothers in Arms, Burn Spellbooks, Renounce Religion


You were on level 8 of the Dungeon.
You worshipped Trog.
Trog was extremely pleased with you.
You were very hungry.

You visited 2 branches of the dungeon, and saw 9 of its levels.

You collected 452 gold pieces.
You spent 90 gold pieces at shops.

Inventory:

Hand Weapons
 n - a +0 flail of crushing (weapon)
 y - a +0 blowgun
 C - a +0 morningstar
Missiles
 z - 30 poisoned needles
 D - 8 tomahawks (quivered)
Armour
 d - a +1 cloak (worn)
 j - a +0 leather armour
 o - a +3 ring mail of poison resistance
 q - a +0 pair of gloves (worn)
 s - the +1 chain mail of Intercession (worn) {rPois Str+2 Dex+3}
   (You found it on level 5 of the Dungeon)

   It affects your strength (+2).
   It affects your dexterity (+3).
   It protects you from poison.
Jewellery
 h - an uncursed ring of fire
 k - a +5 ring of dexterity (left hand)
 v - an uncursed ring of flight
 w - the ring of the Mage (right hand) {Wiz MR++ Int+3}
   (You found it on level 7 of the Dungeon)

   [ring of wizardry]

   It improves your spell success rate.
   It affects your intelligence (+3).
   It affects your resistance to hostile enchantments.
Wands
 a - a wand of lightning (9/15)
 m - a wand of iceblast (5/15)
 r - a wand of digging (21/24)
Scrolls
 e - 2 scrolls of teleportation
 f - a scroll of recharging
 l - 3 scrolls of remove curse
 p - 5 scrolls of identify
 x - a scroll of random uselessness {unknown}
Potions
 i - a potion of resistance
Comestibles
 c - 7 bread rations
 g - 5 royal jellies
 t - 2 meat rations


   Skills:
 + Level 11.1 Fighting
 * Level 12.8 Maces & Flails
 + Level 8.1 Armour
 - Level 2.1 Dodging
 * Level 3.2 Unarmed Combat


You had 9 spell levels left.
You didn't know any spells.

Dungeon Overview and Level Annotations

Branches:
Dungeon (8/15)             Temple (1/1) D:7
   Lair: D:8-11

Altars:
Ashenzari
Cheibriados
Dithmenos
Fedhas
Gozag
Hepliaklqana
Kikubaaqudgha
Makhleb
Nemelex Xobeh
Okawaru
Qazlal
Ru
Sif Muna
Trog
Uskayaw
Wu Jian
Yredelemnul
Zin
The Shining One

Annotations:
D:8 Akrius's ghost, novice OpCj


Innate Abilities, Weirdness & Mutations

You reflexively headbutt those who attack you in melee.
You have a pair of horns on your head.
You are resistant to hostile enchantments. (MR+)
You heal very quickly.
You are weak. (Str -2)


Message History

You catch the helpless Akrius's ghost completely off-guard!
You hit Akrius's ghost.
Akrius's ghost is lightly damaged.
Akrius's ghost closely misses you. You furiously retaliate!
You headbutt Akrius's ghost. You barely miss Akrius's ghost.
Your headbutt misses Akrius's ghost.
Akrius's ghost is lightly damaged.
Akrius's ghost hits you.
* * * LOW HITPOINT WARNING * * *
You thump Akrius's ghost!
Akrius's ghost is moderately damaged.
Akrius's ghost stares at you.
Akrius's ghost hits you but does no damage.
You catch the helpless Akrius's ghost completely off-guard!
You hit Akrius's ghost.
Akrius's ghost is heavily damaged.
Akrius's ghost closely misses you.
Akrius's ghost stares at you and mumbles some strange words.
The magic dart hits you!
You die...

#.. ##########.#
###.[........#
...##..(# #.#
#.##...###.#
#........#.####.# ###
#.......).).....#
..###..).....#.######
.......#...#.#.W@.#
#####.#.....##.##.#
#.##.#..##.# ..$
#.###.#.##.# ####
#####..^.......#
......####..$..#
.###### ...... .#
.#### .#


You could see Akrius's ghost.

Vanquished Creatures
  Erica (D:8)
  A two-headed ogre (D:8)
  Pikel (D:7)
  The ghost of sage1234 the Cleaver, a novice OpBe of Trog (D:5)
  Maurice (D:8)
  Prince Ribbit (D:7)
  Sigmund (D:6)
  Menkaure (D:6)
  Edmund (D:4)
  3 ice beasts
  A phantom (D:6)
  An orc warrior (D:7)
  2 sky beasts
  7 ogres
  A centaur (D:7)
  A big kobold (D:7)
  2 bullfrogs (D:7)
  A scorpion (D:8)
  2 electric eels
  A crimson imp (D:7)
  A centaur zombie (D:6)
  3 hounds
  2 jellies
  Crazy Yiuf (D:2)
  A gnoll shaman (D:5)
  Natasha (D:2)
  5 worker ants
  4 orc wizards
  A killer bee zombie (D:6)
  A hound zombie (D:3)
  A mummy (D:7)
  13 adders
  8 gnolls
  2 shadow imps
  4 worms
  2 adder zombies
  A dart slug (D:3)
  4 leopard geckos
  17 orcs
  5 giant cockroaches
  12 goblins
  7 hobgoblins
  10 jackals
  17 kobolds
  3 quokkas
  A ball python skeleton (D:4)
  3 bats
  7 frilled lizards
  A leopard gecko skeleton (D:6)
  3 rats
172 creatures vanquished.

Vanquished Creatures (others)
  A jackal (D:7)
  A plant (D:6)
2 creatures vanquished.

Grand Total: 174 creatures vanquished

Notes
Turn   | Place    | Note
-------+----------+-------------------------------------------
     0 | D:1      | qpzil the Minotaur Berserker began the quest for the Orb.
     0 | D:1      | Reached XP level 1. HP: 19/19 MP: 0/0
    34 | D:1      | Reached skill level 4 in Maces & Flails
   123 | D:1      | Reached XP level 2. HP: 26/26 MP: 1/1
   442 | D:1      | Reached skill level 5 in Maces & Flails
   523 | D:1      | Reached ** piety under Trog
   523 | D:1      | Reached XP level 3. HP: 31/31 MP: 2/2
   630 | D:1      | Gained mutation: You are weak. (Str -2) [potion of mutation]
   630 | D:1      | Gained mutation: Your natural rate of healing is unusually fast. [potion of mutation]
   630 | D:1      | Gained mutation: You heal very quickly. [potion of mutation]
   630 | D:1      | Gained mutation: You are resistant to hostile enchantments. (MR+) [potion of mutation]
   792 | D:2      | Reached XP level 4. HP: 21/39 MP: 3/3
   877 | D:2      | Reached skill level 6 in Maces & Flails
  1016 | D:2      | Found a runed door.
  1020 | D:2      | Noticed Crazy Yiuf
  1024 | D:2      | Killed Crazy Yiuf
  1405 | D:2      | Noticed Natasha
  1415 | D:2      | Killed Natasha
  1415 | D:2      | Reached skill level 7 in Maces & Flails
  1415 | D:2      | Reached XP level 5. HP: 36/45 MP: 4/4
  2344 | D:4      | Noticed an ogre
  2350 | D:4      | Killed an ogre
  2350 | D:4      | Reached skill level 8 in Maces & Flails
  2350 | D:4      | Reached XP level 6. HP: 51/51 MP: 5/5
  2375 | D:4      | Reached *** piety under Trog
  2387 | D:4      | Noticed Edmund
  2404 | D:4      | Killed Edmund
  2404 | D:4      | Reached skill level 9 in Maces & Flails
  2449 | D:4      | Reached XP level 7. HP: 47/57 MP: 6/6
  2654 | D:4      | Reached skill level 10 in Maces & Flails
  3183 | D:5      | Entered Level 5 of the Dungeon
  3201 | D:5      | Got an encrusted chain mail
  3212 | D:5      | Identified the cursed +1 chain mail of Intercession {rPois Str+2 Dex+3} (You found it on level 5 of the Dungeon)
  3229 | D:5      | Found an ornate altar of the Wu Jian Council.
  3256 | D:5      | Reached skill level 5 in Fighting
  3272 | D:5      | Noticed sage1234's ghost (novice OpBe)
  3273 | D:5      | Reached XP level 8. HP: 68/68 MP: 7/7
  3313 | D:5      | Killed sage1234's ghost
  3313 | D:5      | Reached skill level 11 in Maces & Flails
  3417 | D:5      | Reached **** piety under Trog
  3765 | D:6      | Reached skill level 5 in Armour
  4156 | D:6      | Noticed Sigmund
  4165 | D:6      | Noticed Menkaure
  4166 | D:6      | Killed Sigmund
  4166 | D:6      | Reached XP level 9. HP: 32/81 MP: 8/8
  4419 | D:6      | Killed Menkaure
  4446 | D:7      | Found Zin's Purification Station.
  4446 | D:7      | Found a glowing silver altar of Zin.
  4446 | D:7      | Noticed Pikel
  4457 | D:7      | Killed Pikel
  4476 | D:7      | Found a shadowy altar of Dithmenos.
  4477 | D:7      | Found a staircase to the Ecumenical Temple.
  4484 | D:7      | Reached skill level 12 in Maces & Flails
  4504 | Temple   | Entered the Ecumenical Temple
  4753 | D:7      | Reached skill level 10 in Fighting
  4812 | D:7      | Bought a potion of curing for 90 gold pieces
  4917 | D:7      | Noticed Prince Ribbit
  4926 | D:7      | Killed Prince Ribbit
  5149 | D:7      | Found a burning altar of Makhleb.
  5150 | D:7      | Found an opulent altar of Gozag.
  5295 | D:7      | Reached ***** piety under Trog
  5556 | D:7      | Found a snail-covered altar of Cheibriados.
  5714 | D:8      | Noticed Maurice
  5723 | D:8      | Killed Maurice
  5723 | D:8      | Reached XP level 10. HP: 94/94 MP: 9/9
  5826 | D:8      | Noticed a two-headed ogre
  5832 | D:8      | Killed a two-headed ogre
  5833 | D:8      | Noticed Erica
  5843 | D:8      | HP: 7/141 [something/wand of lightning (?/15) (17)]
  5845 | D:8      | Killed Erica
  5848 | D:8      | Noticed Akrius's ghost (novice OpCj)
  5853 | D:8      | HP: 1/95 [Akrius's ghost/spray of energy (8)]
  5868 | D:8      | Killed from afar by Akrius's ghost

Vault maps used:
D:1:      shiori_arrival_oz
D:2:      uniq_natasha, uniq_crazy_yiuf_cottage
D:4:      first_bread, minmay_misc_feat_iff, hangedman_decor_points, uniq_edmund
D:5:      tgw_xom, lemuel_crystal_altar
D:6:      chequers_big_river, uniq_menkaure, uniq_sigmund
D:7:      slow_altar_2, zin_purify, gammafunk_temple_overflow_pools,
          grunt_dithmenos_smoke, minmay_temple_entry_overgrown,
          uniq_prince_ribbit1, uniq_pikel
D:8:      vehumet_statue, serial_bayou_ford_a, hangedman_little_slice_of_home,
          dk_vineyard_3, hangedman_decor_push, uniq_erica, uniq_maurice
Temple:   dshaligram_water_room_temple

Skill      XL: |  1  2  3  4  5  6  7  8  9 10 |
---------------+-------------------------------+-----
Maces & Flails | 4 5 7 8 9 10 11 12 | 12.8
Fighting       | 5 8 10 11 | 11.1
Armour         | 3 5 7 8 |  8.1
Unarmed Combat | 3 |  3.2
Dodging        | |  2.1

Action                   |  1- 3 |  4- 6 |  7- 9 | 10-12 || total
-------------------------+-------+-------+-------+-------++-------
Melee: Mace              |    61 |    96 |       |       ||   157
       Headbutt          |    10 |    22 |    66 |     9 ||   107
       Flail             |       |     3 |   258 |    20 ||   281
Invok: Burn Spellbooks   |       |       |     2 |       ||     2
       Berserk           |       |       |     1 |     1 ||     2
       Trog's Hand       |       |       |     1 |       ||     1
  Use: Potion            |     4 |     3 |     5 |     2 ||    14
       Scroll            |     4 |     3 |     4 |     1 ||    12
 Stab: Sleeping          |     1 |     2 |       |       ||     3
       Invisible         |       |       |       |     2 ||     2
  Eat: Bread ration      |       |     1 |     1 |       ||     2
       Chunk             |       |     1 |     7 |       ||     8
Armor: Animal skin       |     7 |     1 |       |       ||     8
       Leather armour    |       |     4 |       |       ||     4
       Ring mail         |       |       |    18 |       ||    18
       Chain mail        |       |       |   109 |    11 ||   120
Dodge: Dodged            |    45 |    48 |   115 |    11 ||   219
